Workbook

Sheet PRESUPUESTO
C3: VALOR
B4: PTAR BOGOTÁ | C4: ='PTAR BOGOTA'!J11 -> 24255372
B5: STAR TUNJA | C5: ='STAR TUNJA'!J15 -> 14627565
B6: STAR GARAGOA | C6: ='STAR GARAGOA'!J10 -> 7830226
B7: STAR YOPAL | C7: ='STAR YOPAL'!J15 -> 13185144
B8: REPUESTOS | C8: =REPUESTOS!F31 -> 22543621
C9: =SUM(C4:C8) -> 82441928

Sheet PTAR BOGOTA
A1: ITEM | B1: DESCRIPCIÓN | C1: PRESENTACIÓN | D1: CANTIDAD TOTAL | E1: VALOR TOTAL ACTIVIDAD | F1: ADMINISTRACION 23% | G1: IMPREVISTOS 2% | H1: UTILIDAD 5% | I1: IVA SOBRE UTILIDAD | J1: VALOR TOTAL INCLUDO AIU
A4: 1.1 | B4: Suministro e instalación de paneles tipo colmena en PVC o ABS, calibre 60, hexágonos de 6 cm x 6 cm para el tanque clarificador cónico con medidas del cilindro donde van los paneles de radio: 1,50m, altura: 1,5m y volumen total: 9 m3. Paneles tipo colmena diseñados para sedimentar y acelerar la separación de sólidos. Incluye el desmonte de los paneles existentes (9 m3). Los residuos generados se deben embalar en bolsa roja, rotular y almacenar en el cuarto de residuos peligrosos dispuesto por la entidad. | C4: 9 M3 | D4: 1 | E4: 12387928 | F4: =ROUND(E4*23%,0) -> 2849223 | G4: =ROUND(E4*2%,0) -> 247759 | H4: =ROUND(E4*5%,0) -> 619396 | I4: =ROUND(H4*19%,0) -> 117685 | J4: =SUM(E4:I4) -> 16221991
A5: 1.2 | B5: Mantenimiento de electrobombas sumergibles marca Pedrollo de 1 Hp a 110 voltios y salida de 2”, incluye cambio de rodamientos, sellos mecánicos y empaques. Los residuos generados se deben embalar en bolsa roja, rotular y almacenar en el cuarto de residuos peligrosos dispuesto por la entidad. | C5: UNIDAD | D5: 1 | E5: 2379288 | F5: =ROUND(E5*23%,0) -> 547236 | G5: =ROUND(E5*2%,0) -> 47586 | H5: =ROUND(E5*5%,0) -> 118964 | I5: =ROUND(H5*19%,0) -> 22603 | J5: =SUM(E5:I5) -> 3115677
A6: 1.3 | B6: Suministro y cambio de: 17 Lonas Intermedias y 2 Lonas Terminales en polipropileno multifilamento para filtro prensa COREL mono placa 14". Los residuos generados en el mantenimiento y cambio de las lonas existentes se deben embalar en bolsa roja, rotular y almacenar en el cuarto de residuos peligrosos dispuesto por la entidad. | C6: UNIDAD | D6: 1 | E6: 1442606 | F6: =ROUND(E6*23%,0) -> 331799 | G6: =ROUND(E6*2%,0) -> 28852 | H6: =ROUND(E6*5%,0) -> 72130 | I6: =ROUND(H6*19%,0) -> 13705 | J6: =SUM(E6:I6) -> 1889092
A7: 1.4 | B7: Suministro y cambio de medios filtrantes de los filtros de arenas: arena sílice con granulometría entre 0,45 - 0,65 mm, cantidad 80 Kg. Incluye previamente el retiro del medio filtrante existente (80 Kg). Los residuos retirados en el cambio del material filtrante se deben embalar en bolsa roja, rotular y almacenar en el cuarto de residuos biológicos dispuesto por la entidad. | C7: Kg | D7: 80 | E7: 471680 | F7: =ROUND(E7*23%,0) -> 108486 | G7: =ROUND(E7*2%,0) -> 9434 | H7: =ROUND(E7*5%,0) -> 23584 | I7: =ROUND(H7*19%,0) -> 4481 | J7: =SUM(E7:I7) -> 617665
A8: 1.5 | B8: Suministro y cambio de medios filtrantes de los filtros de grava: grava de canto rodado con granulometría 12 - 20 mm, cantidad 70 Kg. Incluye previamente el retiro del medio filtrante existente (70 Kg). Los residuos retirados en el cambio del material filtrante se deben embalar en bolsa roja, rotular y almacenar en el cuarto de residuos biológicos dispuesto por la entidad. | C8: Kg | D8: 70 | E8: 412720 | F8: =ROUND(E8*23%,0) -> 94926 | G8: =ROUND(E8*2%,0) -> 8254 | H8: =ROUND(E8*5%,0) -> 20636 | I8: =ROUND(H8*19%,0) -> 3921 | J8: =SUM(E8:I8) -> 540457
A9: 1.6 | B9: Suministro y cambio de medios filtrantes de los filtros de carbón activado: carbón activado en una granulometría aprox. de 2 mm, cantidad 80 Kg. Incluye previamente el retiro del medio filtrante existente (80 Kg). Los residuos retirados en el cambio del material filtrante se deben embalar en bolsa roja, rotular y almacenar en el cuarto de residuos biológicos dispuesto por la entidad. | C9: kg | D9: 80 | E9: 1428400 | F9: =ROUND(E9*23%,0) -> 328532 | G9: =ROUND(E9*2%,0) -> 28568 | H9: =ROUND(E9*5%,0) -> 71420 | I9: =ROUND(H9*19%,0) -> 13570 | J9: =SUM(E9:I9) -> 1870490
A11: TOTAL PTAR BOGOTA | J11: =SUM(J4:J9) -> 24255372

Sheet STAR TUNJA
A3: ITEM | B3: DESCRIPCIÓN | C3: PRESENTACIÓN | D3: CANTIDAD TOTAL | E3: VALOR TOTAL ACTIVIDAD | F3: ADMINISTRACION 23% | G3: IMPREVISTOS 2% | H3: UTILIDAD 5% | I3: IVA SOBRE UTILIDAD | J3: VALOR TOTAL INCLUDO AIU
A6: 2.1 | B6: Destape de cañerías, eliminando o desprendiendo el taponamiento en el recorrido de las tuberías del Sistema de Tratamiento de Agua Residual, almacenando y disponiendo el material retirado en bolsa roja con un gestor autorizado | C6: UNIDAD | D6: 1 | E6: 1232756 | F6: =ROUND(E6*23%,0) -> 283534 | G6: =ROUND(E6*2%,0) -> 24655 | H6: =ROUND(E6*5%,0) -> 61638 | I6: =ROUND(H6*19%,0) -> 11711 | J6: =ROUND(SUM(E6:I6),0) -> 1614294
A7: 2.2 | B7: Extracción de sólidos y material filtrante, lavado a presión y desinfección del pozo séptico y filtro anaerobio de 60 cm de ancho X 100 cm de largo y 1.90 mts de profundidad aproximadamente. Capacidad efectiva de 4,5 m3. Almacenando y disponiendo el material retirado en bolsa roja con un gestor autorizado | C7: M3 | D7: 4.5 | E7: 2065621.5 | F7: =ROUND(E7*23%,0) -> 475093 | G7: =ROUND(E7*2%,0) -> 41312 | H7: =ROUND(E7*5%,0) -> 103281 | I7: =ROUND(H7*19%,0) -> 19623 | J7: =ROUND(SUM(E7:I7),0) -> 2704931
A8: 2.3 | B8: Extracción de sólidos, lavado a presión y desinfección de cada unidad de la trampa de grasas de 1,30 m de largo, 45 cm de ancho y 1,80 m de profundidad aproximadamente. Capacidad efectiva de 1,053 m3. Almacenando y disponiendo el material retirado en bolsa roja con un gestor autorizado | C8: M3 | D8: 2 | E8: 2031176 | F8: =ROUND(E8*23%,0) -> 467170 | G8: =ROUND(E8*2%,0) -> 40624 | H8: =ROUND(E8*5%,0) -> 101559 | I8: =ROUND(H8*19%,0) -> 19296 | J8: =ROUND(SUM(E8:I8),0) -> 2659825
A9: 2.4 | B9: Extracción de sólidos, lavado a presión y desinfección de cada unidad de sistema de aguas residuales, así: 1 caja de retención de 60 cm de ancho x 20 cm de largo x 1,80 m de profundidad, 3 cajas de inspección de 60 cm de ancho x 1,00 m de largo x 1,90 m de profundidad, 2 cajas de vertimientos de 60cm x 60cm x 1 mts de profundidad, almacenando y disponiendo material retirado en bolsa roja con un gestor autorizado. | C9: M3 | D9: 4.4 | E9: 2019718.8 | F9: =ROUND(E9*23%,0) -> 464535 | G9: =ROUND(E9*2%,0) -> 40394 | H9: =ROUND(E9*5%,0) -> 100986 | I9: =ROUND(H9*19%,0) -> 19187 | J9: =ROUND(SUM(E9:I9),0) -> 2644821
A10: 2.5 | B10: Suministrar y colocar el medio filtrante de arena de río (granulometría de 0,45 a 0,65 mm) en el filtro anaerobio. Retirar residuos en el cambio del material filtrante y disponer el material retirado en bolsa roja con un gestor autorizado. | C10: KG | D10: 100 | E10: 593200 | F10: =ROUND(E10*23%,0) -> 136436 | G10: =ROUND(E10*2%,0) -> 11864 | H10: =ROUND(E10*5%,0) -> 29660 | I10: =ROUND(H10*19%,0) -> 5635 | J10: =ROUND(SUM(E10:I10),0) -> 776795
A11: 2.6 | B11: Suministrar y colocar el medio filtrante grava de canto rodado con granulometría 3/8 en el filtro anaerobio. Retirar residuos en el cambio del material filtrante y disponer el material retirado en bolsa roja con un gestor autorizado. | C11: KG | D11: 100 | E11: 593200 | F11: =ROUND(E11*23%,0) -> 136436 | G11: =ROUND(E11*2%,0) -> 11864 | H11: =ROUND(E11*5%,0) -> 29660 | I11: =ROUND(H11*19%,0) -> 5635 | J11: =ROUND(SUM(E11:I11),0) -> 776795
A12: 2.7 | B12: Suministrar y colocar el medio filtrante de carbón activado (granulometría aproximada de 2 a 4 mm) en el filtro anaerobio. Retirar residuos en el cambio del material filtrante y disponer el material retirado en bolsa roja con un gestor autorizado. | C12: KG | D12: 100 | E12: 1793000 | F12: =ROUND(E12*23%,0) -> 412390 | G12: =ROUND(E12*2%,0) -> 35860 | H12: =ROUND(E12*5%,0) -> 89650 | I12: =ROUND(H12*19%,0) -> 17034 | J12: =ROUND(SUM(E12:I12),0) -> 2347934
A13: 2.8 | B13: Suministrar y colocar geotextil no tejido elaborado en tela de alta resistencia que permita el paso del agua, sobre la placa perforada del filtro anaerobio. (VER FICHA TÉCNICA) | C13: M2 | D13: 8 | E13: 841672 | F13: =ROUND(E13*23%,0) -> 193585 | G13: =ROUND(E13*2%,0) -> 16833 | H13: =ROUND(E13*5%,0) -> 42084 | I13: =ROUND(H13*19%,0) -> 7996 | J13: =ROUND(SUM(E13:I13),0) -> 1102170
B15: TOTAL STAR TUNJA | J15: =SUM(J6:J13) -> 14627565

Sheet STAR GARAGOA
A3: ITEM | B3: DESCRIPCIÓN | C3: PRESENTACIÓN | D3: CANTIDAD TOTAL | E3: VALOR TOTAL ACTIVIDAD | F3: ADMINISTRACION 23% | G3: IMPREVISTOS 2% | H3: UTILIDAD 5% | I3: IVA SOBRE UTILIDAD | J3: VALOR TOTAL INCLUDO AIU
A6: 3.1 | B6: Aseo y limpieza en general del Sistema de Tratamiento de Agua Residual, incluye poda de un (1) m alrededor del sistema, transporte de escombros y sobrantes hasta relleno autorizado | C6: M2 | D6: 18 | E6: 959526 | F6: =ROUND(E6*23%,0) -> 220691 | G6: =ROUND(E6*2%,0) -> 19191 | H6: =ROUND(E6*5%,0) -> 47976 | I6: =ROUND(H6*19%,0) -> 9115 | J6: =SUM(E6:I6) -> 1256499 | L6: |
A7: 3.2 | B7: Destape de cañerías, eliminando o desprendiendo el taponamiento en el recorrido de las tuberías del Sistema de Tratamiento de Agua Residual, almacenando y disponiendo el material retirado en bolsa roja con un gestor autorizado | C7: UNIDAD | D7: 1 | E7: 1232756 | F7: =ROUND(E7*23%,0) -> 283534 | G7: =ROUND(E7*2%,0) -> 24655 | H7: =ROUND(E7*5%,0) -> 61638 | I7: =ROUND(H7*19%,0) -> 11711 | J7: =SUM(E7:I7) -> 1614294
A8: 3.3. | B8: Extracción de grasas y sólidos, lavado a presión y desinfección de cada unidad de sistema de 90 cm de ancho X 3 mts de largo y 1.10 mts de profundidad aproximadamente. Almacenando y disponiendo el material retirado en bolsa roja con un gestor autorizado | C8: UNIDAD | D8: 1 | E8: 3787272 | F8: =ROUND(E8*23%,0) -> 871073 | G8: =ROUND(E8*2%,0) -> 75745 | H8: =ROUND(E8*5%,0) -> 189364 | I8: =ROUND(H8*19%,0) -> 35979 | J8: =SUM(E8:I8) -> 4959433
A10: TOTAL STAR GARAGOA | J10: =SUM(J6:J9) -> 7830226

Sheet STAR YOPAL
A3: ITEM | B3: DESCRIPCIÓN | C3: UNIDAD DE MEDIDA | D3: CANTIDAD TOTAL | E3: VALOR TOTAL ACTIVIDAD | F3: ADMINISTRACION 23% | G3: IMPREVISTOS 2% | H3: UTILIDAD 5% | I3: IVA SOBRE UTILIDAD | J3: VALOR TOTAL INCLUDO AIU
A6: 4.1 | B6: Destape de cañerías, eliminando o desprendiendo el taponamiento en el recorrido de las tuberías del Sistema de Tratamiento de Agua Residual, almacenando y disponiendo el material retirado en bolsa roja con un gestor autorizado | C6: UNIDAD | D6: 1 | E6: 1232756 | F6: =ROUND(E6*23%,0) -> 283534 | G6: =ROUND(E6*2%,0) -> 24655 | H6: =ROUND(E6*5%,0) -> 61638 | I6: =ROUND(H6*19%,0) -> 11711 | J6: =SUM(E6:I6) -> 1614294
A7: 4.2 | B7: Extracción de sólidos y material filtrante, lavado a presión y desinfección del pozo séptico y filtro anaerobio 2,45 m de largo m, 1,80 m de alto y 1,0 m de ancho aproximadamente. Capacidad efectiva de 4,41 m3. Almacenando y disponiendo el material retirado en bolsa roja con un gestor autorizado | C7: M3 | D7: 4.41 | E7: 2024309 | F7: =ROUND(E7*23%,0) -> 465591 | G7: =ROUND(E7*2%,0) -> 40486 | H7: =ROUND(E7*5%,0) -> 101215 | I7: =ROUND(H7*19%,0) -> 19231 | J7: =SUM(E7:I7) -> 2650832
A8: 4.3 | B8: Extracción de sólidos, lavado a presión y desinfección de cada unidad de la trampa de grasas 1,80 m de largo, 0,9 m de alto y 1,0 m de ancho aproximadamente, con capacidad efectiva de 1,62 m3. Almacenando y disponiendo el material retirado en bolsa roja con un gestor autorizado | C8: M3 | D8: 2 | E8: 2031176 | F8: =ROUND(E8*23%,0) -> 467170 | G8: =ROUND(E8*2%,0) -> 40624 | H8: =ROUND(E8*5%,0) -> 101559 | I8: =ROUND(H8*19%,0) -> 19296 | J8: =SUM(E8:I8) -> 2659825
A9: 4.4 | B9: Suministrar y colocar el medio filtrante de arena de río (granulometría de 0,45 a 0,65 mm) en el filtro anaerobio. Retirar residuos en el cambio del material filtrante y disponer el material retirado en bolsa roja con un gestor autorizado. | C9: KG | D9: 100 | E9: 593200 | F9: =ROUND(E9*23%,0) -> 136436 | G9: =ROUND(E9*2%,0) -> 11864 | H9: =ROUND(E9*5%,0) -> 29660 | I9: =ROUND(H9*19%,0) -> 5635 | J9: =SUM(E9:I9) -> 776795
A10: 4.5 | B10: Suministrar y colocar el medio filtrante grava de canto rodado con granulometría 3/8 en el filtro anaerobio. Retirar residuos en el cambio del material filtrante y disponer el material retirado en bolsa roja con un gestor autorizado. | C10: KG | D10: 100 | E10: 593200 | F10: =ROUND(E10*23%,0) -> 136436 | G10: =ROUND(E10*2%,0) -> 11864 | H10: =ROUND(E10*5%,0) -> 29660 | I10: =ROUND(H10*19%,0) -> 5635 | J10: =SUM(E10:I10) -> 776795
A11: 4.6 | B11: Suministrar y colocar el medio filtrante de carbón activado (granulometría aproximada de 2 a 4 mm) en el filtro anaerobio. Retirar residuos en el cambio del material filtrante y disponer el material retirado en bolsa roja con un gestor autorizado. | C11: KG | D11: 100 | E11: 1793000 | F11: =ROUND(E11*23%,0) -> 412390 | G11: =ROUND(E11*2%,0) -> 35860 | H11: =ROUND(E11*5%,0) -> 89650 | I11: =ROUND(H11*19%,0) -> 17034 | J11: =SUM(E11:I11) -> 2347934
A12: 4.7 | B12: Suministrar y colocar geotextil no tejido elaborado en tela de alta resistencia que permita el paso del agua, sobre la placa perforada del filtro anaerobio. Retirar residuos en el cambio del material filtrante y disponer el material retirado en bolsa roja con un gestor autorizado. | C12: M2 | D12: 8 | E12: 841672 | F12: =ROUND(E12*23%,0) -> 193585 | G12: =ROUND(E12*2%,0) -> 16833 | H12: =ROUND(E12*5%,0) -> 42084 | I12: =ROUND(H12*19%,0) -> 7996 | J12: =SUM(E12:I12) -> 1102170
A13: 4.8 | B13: Aseo y limpieza en general del Sistema de Tratamiento de Agua Residual, incluye poda de un (1) m alrededor del sistema, transporte de escombros y sobrantes hasta relleno autorizado | C13: M2 | D13: 18 | E13: 959526 | F13: =ROUND(E13*23%,0) -> 220691 | G13: =ROUND(E13*2%,0) -> 19191 | H13: =ROUND(E13*5%,0) -> 47976 | I13: =ROUND(H13*19%,0) -> 9115 | J13: =SUM(E13:I13) -> 1256499
B15: TOTAL STAR YOPAL | J15: =SUM(J6:J14) -> 13185144

Sheet REPUESTOS
A1: ITEM | B1: DESCRIPCIÓN DEL BIEN | C1: UNIDAD DE MEDIDA | D1: CANTIDAD | E1: VALOR UNITARIO INCLUIDO IVA, y demás impuestos, tasas y contribuciones de ley a los que haya lugar, costos directos e indirectos | F1: VALOR UNITARIO INCLUIDO IVA, y demás impuestos, tasas y contribuciones de ley a los que haya lugar, costos directos e indirectos
A3: 1 | B3: Suministro Bomba sumergible de 0,5 HP, para aguas cargadas o aguas sucias, monofásica, voltaje 120v, con controlador de nivel electrónico incorporado, con diámetro de descarga de 1 1/2", diámetro pasaje de sólidos entre 20 mm y 50 mm, cuerpo en acero inoxidable. Garantía de mínima de 1 año. | C3: UNIDAD | D3: 2 | E3: 2334377 | F3: =E3*D3 -> 4668754
A4: 2 | B4: Suministro Bomba dosificadora de insumos químicos tipo diafragma, con tasa de flujo de líquidos entre 0,4 - 3 l/h, con presión de salida máxima de 20 bar - 290 psi, con cuerpo en polipropileno, válvulas en PVDF, esferas en cerámica, membrana en PTFE, monofásica, voltaje 120v, con cable de conexión eléctrica. Garantía de mínima de 1 año. | C4: UNIDAD | D4: 1 | E4: 3675000 | F4: =E4*D4 -> 3675000
A5: 3 | B5: Suministro Bomba centrifuga superpuesta de 1 HP 1 X 1 ¼ A 120 V. Garantía mínima de 1 año | C5: UNIDAD | D5: 2 | E5: 1050000 | F5: =E5*D5 -> 2100000
A6: 4 | B6: Suministro de piloto led verde para tablero de control y potencia de 220 V y 22 mm CAJA x 10 unidades | C6: CAJA X 10 | D6: 2 | E6: 87790 | F6: =E6*D6 -> 175580
A7: 5 | B7: Suministro de bombillos para tablero eléctrico de 130 V 20mA. CAJA X 10 unidades | C7: CAJA X 10 | D7: 1 | E7: 33527 | F7: =E7*D7 -> 33527
A8: 6 | B8: Suministro de válvulas en acero inoxidable tipo cortina de 1 1/2” | C8: UNIDAD | D8: 4 | E8: 302400 | F8: =E8*D8 -> 1209600
A9: 7 | B9: Suministro de manómetros en glicerina de 0 a 35 PSI | C9: UNIDAD | D9: 2 | E9: 71400 | F9: =E9*D9 -> 142800
A10: 8 | B10: Suministro de manómetros de glicerina de 0 a 100 PSI | C10: UNIDAD | D10: 1 | E10: 75600 | F10: =E10*D10 -> 75600
A11: 9 | B11: Suministro de aceite hidráulico lubricante, presentación de 1 Galòn | C11: Galon | D11: 1 | E11: 94500 | F11: =E11*D11 -> 94500
A12: 10 | B12: Suministro de codo roscado de 90° en acero inoxidable de 1/4" | C12: UNIDAD | D12: 9 | E12: 26460 | F12: =E12*D12 -> 238140
A13: 11 | B13: Suministro de registros de bola 1/4" | C13: UNIDAD | D13: 2 | E13: 33100 | F13: =E13*D13 -> 66200
A14: 12 | B14: Suministro de cheques en acero inoxidable de cortina de 1/2" | C14: UNIDAD | D14: 1 | E14: 302400 | F14: =E14*D14 -> 302400
... A30: 28 | B30: Suministro selector muletilla 3 posiciones metal de 10 A, 22mm. | C30: UNIDAD | D30: 8 | E30: 19850 | F30: =E30*D30 -> 158800
B31: VALOR TOTAL INCLUIDO IVA Y DEMAS COSTOS DIRECTOS E INDIRECTOS | F31: =SUM(F3:F30) -> 22543621
